 Dungeon Crawl Stone Soup version 0.28.0 (webtiles) character file.

Game seed: 17951984056924518858

107 jimeh the Skirmisher (level 4, -1/31 HPs)
             Began as a Gargoyle Warper on Feb 7, 2022.
             Killed by divine providence
             ... invoked by an orc priest
              (12 damage)
             ... on level 3 of the Dungeon.
             The game lasted 00:06:18 (2530 turns).

jimeh the Skirmisher (Gargoyle Warper)              Turns: 2530, Time: 00:06:19

Health: -1/31      AC:  7    Str: 13 (14) XL:     4   Next: 85%
Magic:  7/7        EV: 11    Int: 14 (16) God:
Gold:   65         SH:  5    Dex:  8 (9)  Spells: 2/7 levels left

rFire   + . .      SeeInvis .   g - +0 whip
rCold   + . .      Faith    .   (no shield)
rNeg    + . .      Spirit   .   b - +0 leather armour
rPois   ∞          Reflect  +   (no helmet)
rElec   +          Harm     .   (no cloak)
rCorr   +          Rampage  .   f - +0 pair of gloves
Will    .....                   (no boots)
Stlth   +.........              m - amulet of reflection
HPRegen 0.10/turn               (no ring)
MPRegen 0.10/turn               (no ring)

@: resistant
A: sickness immunity, AC +3, negative energy resistance 1, electricity
resistance, torment resistance 1, petrification resistance
a: no special abilities


You were on level 3 of the Dungeon.
You visited 1 branch of the dungeon, and saw 3 of its levels.

You collected 65 gold pieces.

Inventory:

Hand Weapons
 a - a +0 mace
 g - a +0 whip (weapon)
 o - a +0 flail
Missiles
 d - 5 boomerangs of dispersal (quivered)
Armour
 b - a +0 leather armour (worn)
 f - a +0 pair of gloves (worn)
 i - a +0 chain mail
 j - a +0 scale mail
Jewellery
 e - an amulet of faith
 m - an amulet of reflection (around neck)
Scrolls
 c - a scroll of blinking
 h - 4 scrolls of identify {unknown}
 n - a scroll of teleportation {unknown}


   Skills:
 + Level 5.3 Fighting
 - Level 2.0 Maces & Flails
 - Level 0.8 Throwing
 - Level 1.1 Armour
 - Level 1.5 Dodging
 - Level 2.0 Spellcasting
 - Level 2.6 Translocations


You had 2 spell levels left.
You knew the following spells:

 Your Spells              Type           Power      Damage    Failure   Level
a - Blink                 Tloc           16%        N/A       16%         2
b - Lesser Beckoning      Tloc           8%         N/A       30%         3

Your spell library contained the following spells:

 Spells                   Type           Power      Damage    Failure   Level
 Gell's Gravitas          Tloc           8%         N/A       30%         3
 Teleport Other           Tloc           8%         N/A       30%         3
 Manifold Assault         Tloc           8%         N/A       95%         5
 Petrify                  Tmut/Erth      1%         N/A       96%         4
 Metabolic Englaciation   Hex/Ice        0%         N/A       100%        5
 Statue Form              Tmut/Erth      Unusable   N/A       N/A         6

Dungeon Overview and Level Annotations

Branches:
Dungeon (3/15)

Altars:


Innate Abilities, Weirdness & Mutations

You are immune to sickness and miasma.
Your stone body is resilient. (AC +3)
You are immune to poison.
You resist negative energy. (rN+)
You are resistant to electric shocks. (rElec)
You are resistant to unholy torment.
You are immune to petrification.


Message History

You hit the orc priest.
The orc priest is moderately wounded.
You block the orc priest's attack.
You hit the orc priest.
The orc priest is moderately wounded.
The orc priest invokes the aid of Beogh against you.
Beogh smites you!
* * * LOW HITPOINT WARNING * * *
You hear a shout!
You barely miss the orc priest.
The orc priest is moderately wounded.
The orc priest barely misses you.
It was a potion of curing.
You feel better. You block the orc priest's attack.
You barely miss the orc priest.
The orc priest is moderately wounded.
The orc priest barely misses you.
You hit the orc priest. Your punch misses the orc priest.
The orc priest is heavily wounded.
The orc priest completely misses you.
You hit the orc priest.
The orc priest is severely wounded.
The orc priest hits you with a +0 club.
* * * LOW HITPOINT WARNING * * *
It was a potion of degeneration.
There was something very wrong with that liquid.
You feel weakened.
You feel dopey.
You feel clumsy.
It was a potion of resistance.
You feel protected. The orc priest hits you with a +0 club.
* * * LOW HITPOINT WARNING * * *
You feel better. You block the orc priest's attack.
The orc priest looks encouraged for a moment.
You hit the orc priest but do no damage.
The orc priest is severely wounded.
A giant cockroach comes into view.
The orc priest calls upon Beogh to heal the orc priest.
The orc priest is healed somewhat.
The orc priest calls down the wrath of Beogh upon you.
Beogh smites you!
You die...

#.#. #.#. #.# #.# #.#
#.# ###.# #o@)# #.
#o#.# #. #.### #.# #.#
#..#######B####.## ####
#.......)......... ...#
###....).......##.
...#####...............
.........#########.....


You could see 2 orc priests and a giant cockroach (wandering).

Vanquished Creatures
  4 adders
  An adder skeleton (D:3)
  A worm (D:2)
  6 orcs
  6 ball pythons
  2 endoplasms (D:2)
  5 giant cockroaches (D:1)
  3 goblins
  4 hobgoblins
  4 jackals (D:1)
  3 quokkas
  3 bats
  4 frilled lizards
  7 kobolds
  4 rats
57 creatures vanquished.

Notes
Turn   | Place    | Note
-------+----------+-------------------------------------------
     0 | D:1      | jimeh the Gargoyle Warper began the quest for the Orb.
     0 | D:1      | Reached XP level 1. HP: 12/12 MP: 3/3
    93 | D:1      | Reached XP level 2. HP: 15/18 MP: 5/5
    99 | D:1      | Reached skill level 3 in Fighting
   606 | D:1      | Found a faded altar of an unknown god.
   628 | D:1      | Reached XP level 3. HP: 21/24 MP: 6/6
   934 | D:2      | Reached skill level 4 in Fighting
  1156 | D:2      | Learned a level 2 spell: Blink
  1238 | D:2      | Learned a level 3 spell: Lesser Beckoning
  1407 | D:2      | Reached XP level 4. HP: 20/30 MP: 7/7
  1982 | D:3      | Reached skill level 5 in Fighting
  2530 | D:3      | Killed from afar by an orc priest

Illustrated notes

Levels and vault maps discovered:
D:1:      wheals_arrival_linesprint, layout_rooms,
          ebering_ecumenical_altar_abandoned
D:2:      layout_basic
D:3:      cheibrodos_pilgrimage, layout_rooms, serial_co_window_serial,
          co_window_paths_a, co_window_corner_a, co_window_paths_a,
          co_window_paths_a, co_window_cross_1, co_window_paths_a,
          co_window_paths_b, co_window_paths_c, co_window_unsneaky_path_a,
          co_window_broadway_c, co_window_broadway_b, co_window_corner_b,
          co_window_broadway_a, co_window_paths_e, co_window_paths_d,
          st_stairs_7, minmay_statues_item

Skill      XL: |  1  2  3  4 |
---------------+-------------+-----
Fighting       | 3 4 5 |  5.3
Maces & Flails | |  2.0
Throwing       | |  0.8
Armour         | |  1.1
Dodging        | |  1.5
Spellcasting   | |  2.0
Translocations | |  2.6

Action                   |  1- 3 |  4- 6 || total
-------------------------+-------+-------++-------
Melee: Mace              |   112 |       ||   112
       Punch             |     2 |     2 ||     4
       Whip              |    35 |   110 ||   145
  Use: Potion            |       |     4 ||     4
Armor: Leather armour    |    68 |    31 ||    99
Dodge: Dodged            |   106 |    47 ||   153
Block: Other             |     7 |    21 ||    28
